 Dungeon Crawl Stone Soup version 0.25.1-9-gc5326a611f (webtiles) character file.

Game seed: 16753529483121454603

29 Clowwww the Grave Robber (level 3, -6/24 HPs)
             Began as a Demonspawn Necromancer on Dec 29, 2020.
             Mangled by an ice beast (8 damage)
             ... on level 1 of the Dungeon.
             The game lasted 00:03:38 (1791 turns).

Clowwww the Grave Robber (Demonspawn Necromancer)   Turns: 1791, Time: 00:03:38

Health: -6/24      AC:  2    Str:  8    XL:     3   Next: 1%
Magic:  2/6        EV: 12    Int: 17    God:
Gold:   47         SH:  0    Dex: 13    Spells: 4/6 levels left

rFire    + . .     SeeInvis .   (no weapon)
rCold    . . .     Gourm    .   (no shield)
rNeg     . . .     Faith    .   a - +0 robe
rPois    .         Spirit   .   (no helmet)
rElec    .         Reflect  .   (no cloak)
rCorr    .         Harm     .   (no gloves)
MR       .....                  (no boots)
Stlth    ++........             (no amulet)
HPRegen  0.08/turn              (no ring)
MPRegen  0.10/turn              (no ring)

@: no status effects
A: fire resistance 1
a: no special abilities


You were on level 1 of the Dungeon.
You were not hungry.

You visited 1 branch of the dungeon, and saw 2 of its levels.

You collected 47 gold pieces.

Inventory:

Armour
 a - a +0 robe (worn)
Scrolls
 b - a scroll of enchant weapon {unknown}
Potions
 d - a potion of might {unknown}
Comestibles
 c - a ration
 f - 2 chunks of flesh


   Skills:
 + Level 2.0 Dodging
 + Level 1.8 Stealth
 + Level 2.4 Spellcasting
 + Level 4.9 Necromancy


You had 4 spell levels left.
You knew the following spells:

 Your Spells              Type           Power        Failure   Level  Hunger
a - Pain                  Necr           ###.         2%          1    #......
b - Animate Skeleton      Necr           N/A          2%          1    #......

Your spell library contained the following spells:

 Spells                   Type           Power        Failure   Level  Hunger
 Vampiric Draining        Necr           ###.......   8%          3    ###....
 Animate Dead             Necr           N/A          24%         4    #####..
 Agony                    Necr           ###.....     56%         5    ######.


Dungeon Overview and Level Annotations

Branches:
Dungeon (2/15)

Altars:
Xom


Innate Abilities, Weirdness & Mutations

Your flesh is heat resistant. (rF+)


Message History

Confirm with . or Enter, or press ? or * to list all spells.
Aiming: Pain (safe; 2% risk of failure)
Press: ? - help, Shift-Dir - straight line, f/p - ice beast
Aim: an ice beast (lightly wounded, chance to defeat MR: 78%)
The ice beast writhes in agony.
The ice beast completely misses you.
Casting: Pain (safe; 2% risk of failure)
Confirm with . or Enter, or press ? or * to list all spells.
Aiming: Pain (safe; 2% risk of failure)
Press: ? - help, Shift-Dir - straight line, f/p - ice beast
Aim: an ice beast (moderately wounded, chance to defeat MR: 78%)
The ice beast writhes in agony.
The ice beast closely misses you.
Casting: Pain (safe; 2% risk of failure)
Confirm with . or Enter, or press ? or * to list all spells.
Aiming: Pain (safe; 2% risk of failure)
Press: ? - help, Shift-Dir - straight line, f/p - ice beast
Aim: an ice beast (heavily wounded, chance to defeat MR: 78%)
The ice beast writhes in agony.
The ice beast hits you.
* * * LOW HITPOINT WARNING * * *
The ice beast freezes you!
You die...

#.#.#.# ##...............#
#.#.#.#########....###########
#.#......Z......#.##
#.###.########....# #.###.#
##.### #.....# #.# ####### #.#
###########.# #.........#@# ###
#.#######.#Y###.## #.#
#..).......#.# #.#
#.###.#.###.###########
######.###.# #....#...##.......#
...........###.........#.#####.#
####.#Z.....................##.#
# #.#.#########.#.....#.##.##.#
# ##.#.# #.##...##.......##


You could see an ice beast.

Vanquished Creatures
  An ooze (D:1)
  2 leopard geckos
  A giant cockroach (D:2)
  3 goblins (D:1)
  2 hobgoblins
  3 kobolds (D:1)
  5 bats (D:1)
  A frilled lizard (D:1)
  4 rats (D:1)
22 creatures vanquished.

Vanquished Creatures (collateral kills)
  A rat (D:1)
1 creature vanquished.

Grand Total: 23 creatures vanquished

Notes
Turn   | Place    | Note
-------+----------+-------------------------------------------
     0 | D:1      | Clowwww the Demonspawn Necromancer began the quest for the
                  | Orb.
     0 | D:1      | Reached XP level 1. HP: 13/13 MP: 3/3
   780 | D:1      | Found a shimmering altar of Xom.
   787 | D:1      | Gained mutation: Your flesh is heat resistant. (rF+)
                  | [demonic ancestry]
   787 | D:1      | Reached XP level 2. HP: 19/19 MP: 3/5
   888 | D:1      | Learned a level 1 spell: Animate Skeleton
  1719 | D:2      | Reached XP level 3. HP: 23/24 MP: 3/6
  1723 | D:2      | Noticed an ice beast
  1791 | D:1      | Mangled by an ice beast

Illustrated notes

Levels and vault maps discovered:
D:1:      lemuel_arrival_lava_pool, layout_loops_corners, xom_teletrap_fun
D:2:      layout_basic, old_standard_altar, minitemple, grunt_ministairs_14,
          minmay_pentomino_pile, uniq_robin

Skill      XL: |  1  2 |
---------------+-------+-----
Dodging        | 2 |  2.0
Stealth        | |  1.8
Spellcasting   | |  2.4
Necromancy     | |  4.9

Action                   || total
-------------------------++-------
Melee: Unarmed           ||    24
 Cast: Pain              ||    45
       Animate Skeleton  ||     7
  Eat: Chunk             ||     3
Armor: Robe              ||     3
Dodge: Dodged            ||    29
